Map: Blackpink LE

Players

ProjectVast

  • Race: Protoss Protoss
  • League: Silver
  • Spawn Location: 7:00

CinDra - Winner!

  • Race: Zerg Zerg
  • League: Silver
  • Spawn Location: 1:00

VOD

Have the link to the VOD?

Description

Time

  • Played on: Feb. 23, 2018, 5:44 p.m.
  • Length: 11:43
Show
View Real Time Build Order
Export as new Build Order

ProjectVast Protoss 

Build Orders: 1 Gate Expand 

Get SALT Encoding   

  12  0:02  Probe (Chrono Boost)  
  13  0:12  Probe (Chrono Boost)  
  14  0:17  Probe (Chrono Boost)  
  15  0:26  Pylon  
  15  0:44  Assimilator, Probe  
  16  0:58  Gateway  
  16  1:17  Nexus, Probe (Chrono Boost)  
  17  1:29  Probe (Chrono Boost)  
  18  1:36  Probe  
  19  1:48  Probe  
  22  1:54  Zealot  
  22  1:56  Cybernetics Core  
  22  2:00  Probe  
  23  2:04  Pylon  
  23  2:17  Assimilator  
  23  2:22  Probe  
  24  2:37  Probe (Chrono Boost)  
  25  2:45  Probe (Chrono Boost)  
  25  2:49  Stalker  
  28  2:54  Probe (Chrono Boost)  
  28  2:55  Probe (Chrono Boost)  
  30  3:05  Probe (Chrono Boost)  
  32  3:07  Probe (Chrono Boost)  
  32  3:08  Shield Battery  
  32  3:13  Shield Battery  
  32  3:19  Stargate  
  32  3:22  Probe (Chrono Boost)  
  33  3:27  Probe (Chrono Boost)  
  35  3:38  Probe x2 (Chrono Boost)  
  36  3:41  Protoss Air Weapons Level 1  
  36  3:43  Probe (Chrono Boost)  
  36  3:45  Probe  
  38  3:50  Assimilator  
  38  3:53  Assimilator  
  39  3:57  Probe x2 (Chrono Boost)  
  40  4:06  Probe (Chrono Boost)  
  40  4:08  Probe (Chrono Boost)  
  42  4:11  Probe (Chrono Boost)  
  42  4:13  Fleet Beacon  
  43  4:17  Probe  
  43  4:20  Pylon  
  43  4:23  Probe  
  45  4:24  Pylon  
  45  4:30  Probe  
  46  4:32  Stargate  
  46  4:59  Nexus  
  46  5:02  Carrier (Chrono Boost)  
  52  5:17  Pylon  
  52  5:25  Protoss Air Armor Level 1  
  52  5:28  Pylon  
  52  5:30  Probe (Chrono Boost)  
  52  5:32  Graviton Catapult  
  53  5:41  Probe (Chrono Boost)  
  55  5:48  Probe (Chrono Boost)  
  56  5:51  Probe (Chrono Boost)  
  56  5:53  Shield Battery  
  56  5:55  Probe (Chrono Boost)  
  56  5:56  Probe (Chrono Boost)  
  57  5:57  Carrier (Chrono Boost)  
  57  5:58  Shield Battery  
  64  6:07  Probe  
  65  6:18  Carrier  
  65  6:21  Probe (Chrono Boost)  
  72  6:27  Probe (Chrono Boost)  
  73  6:37  Probe (Chrono Boost)  
  76  6:40  Probe x2 (Chrono Boost)  
  79  6:47  Probe x2 (Chrono Boost)  
  79  6:50  Assimilator, Probe (Chrono Boost)  
  79  6:52  Probe (Chrono Boost)  
  79  6:53  Assimilator, Probe  
  80  6:58  Probe  
  82  7:04  Probe  
  82  7:05  Probe  
  84  7:10  Probe  
  81  7:16  Probe  
  81  7:22  Carrier, Probe  
  87  7:46  Carrier (Chrono Boost)  
  93  8:24  Pylon  
  93  8:30  Probe  
  82  8:42  Probe  
  82  8:45  Carrier (Chrono Boost)  
  77  8:54  Probe  
  84  8:56  Protoss Air Weapons Level 2 (Chrono Boost)  
  84  9:06  Probe  
  85  9:18  Probe  
  85  9:21  Pylon  
  86  9:25  Pylon  
  86  9:28  Pylon  
  86  9:30  Pylon  
  86  9:37  Shield Battery  
  86  9:42  Shield Battery  
  86  9:45  Pylon  
  86  9:58  Carrier (Chrono Boost)  
  86  9:59  Nexus  
  92  10:04  Carrier (Chrono Boost)  
  98  10:12  Stargate  
Show
View Real Time Build Order
Export as new Build Order

CinDra Zerg - Winner!

Build Orders: Hatch First 

Get SALT Encoding   

  12  0:01  Drone  
  13  0:12  Overlord  
  13  0:17  Drone  
  14  0:32  Drone x2  
  14  0:35  Drone  
  17  0:54  Hatchery  
  17  0:56  Drone  
  17  1:02  Drone  
  18  1:09  Extractor  
  17  1:17  Spawning Pool  
  16  1:19  Drone  
  16  1:23  Drone  
  18  1:30  Drone  
  19  1:39  Drone  
  20  1:50  Drone  
  21  2:05  Queen  
  21  2:06  Queen  
  21  2:07  Zergling x4  
  27  2:11  Overlord  
  27  2:15  Metabolic Boost  
  27  2:19  Drone  
  28  2:27  Overlord  
  28  2:34  Zergling x2  
  28  2:35  Zergling x2  
  30  2:58  Zergling x2  
  30  2:59  Zergling x6  
  30  3:03  Lair  
  34  3:08  Drone x2  
  34  3:09  Extractor  
  35  3:14  Queen  
  35  3:17  Overlord  
  35  3:19  Drone  
  38  3:39  Hatchery  
  37  3:50  Pneumatized Carapace  
  37  3:55  Drone  
  37  3:59  Drone x6  
  44  4:11  Drone x2  
  44  4:12  Drone x2  
  48  4:17  Overlord  
  48  4:27  Spire  
  48  4:29  Zergling x2  
  48  4:32  Drone  
  48  4:33  Drone  
  48  4:37  Overseer  
  50  4:52  Extractor  
  49  4:58  Drone x11  
  60  5:09  Drone  
  60  5:10  Drone x4  
  65  5:18  Extractor  
  64  5:33  Drone  
  64  5:34  Drone  
  64  5:35  Overlord x6  
  66  5:40  Zerg Flyer Weapons Level 1  
  66  5:44  Extractor  
  66  5:47  Extractor  
  64  6:00  Mutalisk  
  64  6:01  Mutalisk x4  
  74  6:08  Drone x7  
  81  6:20  Mutalisk x2  
  81  6:22  Overlord x2  
  81  6:25  Zergling x8  
  89  6:30  Drone x2  
  91  6:43  Evolution Chamber  
  91  6:44  Evolution Chamber  
  88  7:02  Mutalisk x2  
  88  7:03  Mutalisk x5  
  100  7:10  Mutalisk  
  100  7:14  Zergling x24  
  105  7:38  Corruptor x5  
  115  7:45  Drone x2  
  117  8:06  Drone x4  
  115  8:33  Corruptor x5  
  113  8:35  Overlord x2  
  113  8:36  Overlord x6  
  105  8:44  Corruptor x3  
  109  8:50  Zerg Melee Weapons Level 1  
  109  8:51  Zerg Ground Armor Level 1  
  109  9:10  Hatchery  
  108  9:39  Overseer x3  
  108  10:09  Infestation Pit  
  103  10:43  Corruptor x3  
  103  10:44  Corruptor x12  
  103  10:45  Zergling x2  
  103  10:46  Zergling x44  
  103  10:47  Zergling x2  
  157  10:54  Queen  
  157  11:05  Corruptor  
  157  11:06  Corruptor x3  
  157  11:09  Zergling x8  
Tags
 
Add a new tag
Caveats
  • Supply blocks, unpowered buildings, or Contaminate may cause inaccurate times.
  • Supply counts are checked every 10 seconds.